AoeStats
← 魏武之风

MegaRandom

506081319Analyzed
2v2 RM · 21d ago on Sep 12, 2026· 45m 17s· 4 players
Game mode
Random Map
Map size
Medium (4 player)
Population
200
Speed
Normal
Resources
Standard
Victory
Conquest
Starting age
Dark Age
Ending age
Imperial Age
RankedLock teamsTeams togetherTeam positionsShared explorationLock speedFull tech treeHidden civsTurbo modeCheats
Victory
Defeat
🇦🇺 Inca · Australia
1011
+14
🇮🇳 Magyars · India
991
+14
🇨🇳 Japanese · China
963
-14
🇨🇳 Wei · China
959
-14
RahimKeDole
1:57 Loom
11:59 Feudal Age
13:19 Double-Bit Axe
17:11 Bloodlines
17:49 Wheelbarrow
16:57 Horse Collar
20:13 Castle Age
20:46 Pikeman
22:15 Husbandry
23:14 Hand Cart
23:03 Fletching
23:14 Padded Archer Armor
23:08 Town Watch
23:20 Light Cavalry
25:18 Scale Barding Armor
25:24 Corvinian Army
26:46 Bodkin Arrow
27:46 Leather Archer Armor
28:54 Heavy Plow
29:05 Bow Saw
35:00 Thumb Ring
38:26 Imperial Age
36:37 Chain Barding Armor
37:00 Stone Mining
38:43 Hussar
39:51 Conscription
42:57 Plate Barding Armor
44:10 Elite Magyar Huszar
Apex_predator
7:43 Loom
10:19 Feudal Age
12:48 Wheelbarrow
12:57 Double-Bit Axe
19:46 Castle Age
18:28 Horse Collar
18:42 Stone Mining
19:17 Town Watch
20:41 Crossbowman
21:34 Thumb Ring
22:11 Elite Skirmisher
25:03 Bow Saw
25:49 Heavy Plow
27:01 Fletching
27:46 Gold Mining
28:20 Andean Sling
29:25 Bodkin Arrow
30:10 Padded Archer Armor
32:29 Hand Cart
33:52 Leather Archer Armor
35:49 Ballistics
39:21 Imperial Age
38:00 Guard Tower
39:26 Capped Ram
42:39 Keep
42:37 Bracer
怪味胡豆妹儿
1:47 Loom
14:16 Feudal Age
18:32 Castle Age
19:13 Fletching
20:19 Town Watch
22:49 Padded Archer Armor
26:16 Wheelbarrow
31:17 Bodkin Arrow
34:00 Ballistics
38:54 Scale Mail Armor
40:06 Squires
40:20 Double-Bit Axe
40:38 Horse Collar
43:00 Town Patrol
43:26 Murder Holes
44:20 Forging
44:53 Bow Saw
魏武之风
0:27 Loom
12:20 Feudal Age
12:46 Horse Collar
13:56 Double-Bit Axe
18:56 Castle Age
19:20 Stone Mining
20:11 Bow Saw
21:16 Scale Barding Armor
22:03 Wheelbarrow
21:13 Town Watch
24:43 Hand Cart
24:55 Husbandry
25:59 Town Patrol
26:30 Bloodlines
26:39 Gold Mining
27:39 Stone Shaft Mining
26:56 Light Cavalry
29:09 Gold Shaft Mining
28:43 Tuntian
28:57 Murder Holes
28:31 Pikeman
28:57 Arson
30:22 Squires
34:08 Scale Mail Armor
34:40 Forging
40:15 Imperial Age
39:04 Chain Mail Armor
43:36 Chemistry
42:18 Treadmill Crane
44:15 Halberdier
45:21 Ballistics
45:12 Masonry
Connection lost

Rejoining the realm…

Still unreachable

The connection could not be restored.

Session expired

The server has moved on; the page needs a fresh start.